 Dungeon Crawl Stone Soup version 0.19-a0-1686-g35356ef (webtiles) character file.

10724 KristoblXynda the Covert (level 11, -2/52 HPs)
             Began as a Spriggan Artificer on Sept 25, 2016.
             Was a Priest of Cheibriados.
             Slain by a yak (11 damage)
             ... on level 10 of the Dungeon.
             The game lasted 00:42:57 (14485 turns).

KristoblXynda the Covert (Spriggan Artificer)      Turns: 14485, Time: 00:42:57

Health: -2/52      AC:  9    Str: 15    XL:     11   Next: 39%
Magic:  15/19      EV: 33    Int: 21    God:    Cheibriados [***...]
Gold:   665        SH: 11    Dex: 26    Spells: 1 memorised, 12 levels left

rFire  + . .     SeeInvis +     c - +4 dagger (venom)
rCold  . . .     Gourm    .     m - +2 steam dragon armour
rNeg   . . .     Faith    .     d - +2 buckler
rPois  .         Spirit   .     (helmet restricted)
rElec  .         Dismiss  .     q - +0 cloak
rCorr  .         Reflect  .     (gloves unavailable)
MR     ++...     Harm     .     (boots unavailable)
Stlth  ++++++....               s - amulet of magic regeneration
                                (no ring)
                                k - +6 ring of evasion

@: slow
A: unfitting armour, see invisible, fire resistance 1, herbivore 3, speed 3,
magic resistance 1, slow metabolism 2
a: Bend Time, Temporal Distortion, Renounce Religion


You were on level 10 of the Dungeon.
You worshipped Cheibriados.
Cheibriados was most pleased with you.
You were very hungry.

You visited 3 branches of the dungeon, and saw 12 of its levels.
You also visited: Bailey.

You collected 665 gold pieces.

Inventory:

Hand Weapons
 c - a +4 dagger of venom (weapon)
Missiles
 l - 2 throwing nets (quivered)
Armour
 d - a +2 buckler (worn)
 m - a +2 steam dragon armour (worn)
 q - a +0 cloak (worn)
Rods
 e - a +2 rod of ignition (14/14)
   (You took it off an orc in a bailey)
Jewellery
 k - a +6 ring of evasion (left hand)
 s - an amulet of magic regeneration (around neck)
Wands
 b - a wand of disintegration (0/24)
 v - a wand of confusion (16/48)
Scrolls
 a - 2 scrolls of identify
 o - a scroll of immolation
 p - 4 scrolls of amnesia
 r - a scroll of remove curse
Potions
 g - a potion of flight
 i - 2 potions of cancellation
 j - 2 potions of brilliance
 n - 3 potions of magic
 w - a potion of agility
 z - a potion of might
Books
 x - a book of Conjurations

   Spells                             Type                      Level
   a - Magic Dart                     Conjuration                  1
   b - Searing Ray                    Conjuration                  2
   c - Dazzling Spray                 Conjuration/Hexes            3
   d - Fulminant Prism                Conjuration/Hexes            4
   e - Iskenderun's Mystic Blast      Conjuration                  4
   f - Iskenderun's Battlesphere      Conjuration/Charms           5
Comestibles
 f - 7 bread rations


   Skills:
 + Level 3.5 Fighting
 - Level 6.8 Short Blades
 - Level 3.3 Throwing
 - Level 1.3 Armour
 - Level 8.8 Dodging
 - Level 11.0 Stealth
 + Level 5.8 Shields
 + Level 2.9 Spellcasting
 - Level 7.4 Invocations
 - Level 9.7 Evocations


You had 12 spell levels left.
You knew the following spells:

 Your Spells              Type           Power        Failure   Level  Hunger
a - Dazzling Spray        Conj/Hex       #.....       47%         3    ###....


Dungeon Overview and Level Annotations

Branches:
Dungeon (10/15)            Temple (1/1) D:7            Lair (0/6) D:10
    Orc (1/2) D:9

Altars:
Ashenzari
Cheibriados
Dithmenos
Elyvilon
Fedhas
Gozag
Hepliaklqana
Kikubaaqudgha
Makhleb
Nemelex Xobeh
Okawaru
Qazlal
Ru
Sif Muna
Trog
Uskayaw
Vehumet
Xom
Yredelemnul
Zin
The Shining One
Beogh

Shops:
D:4 *   D:7 (

Annotations:
D:5 exclusion: statue


Innate Abilities, Weirdness & Mutations

You are very small and have problems with some larger weapons.
You are too small for most types of armour.
You have supernaturally acute eyesight. (SInv)
You are a herbivore.
You cover ground extremely quickly.
You need consume almost no food.
Your flesh is heat resistant. (rF+)
You are resistant to hostile enchantments. (MR+)


Message History

The yak misses you. You block the iguana's attack.
You hit the yak.
The yak is poisoned.
The yak is lightly wounded.
The yak gores you!
You hit the yak.
The yak is poisoned.
The yak is lightly wounded.
The yak gores you! The yak completely misses you. The yak closely misses you.
The iguana completely misses you. The yak gores you.
You block the yak's attack. The iguana completely misses you.
An adder comes into view.
The iguana bites you but does no damage.
The yak gores you!
* * * LOW HITPOINT WARNING * * *
You block the yak's attack. The iguana completely misses you.
Okay, then.
You warp the flow of time around you!
You are feeling very hungry.
You barely miss the iguana. The yak completely misses you. The yak gores you!
You die...

........###.............
....YYY.# #....S........
......Yt###.............
###Y..Y................. #
#..Y..................
###...............Y.....
...............lY...####
.......<.....###Y...# ..##
......<.<....# #@Y..# ...##
.............###l...# ...##
....................#####...##
###.......)...................
# #.........P.................
###.........Y.♣.♣..P..........
........##....................
........##.......♣.♣..†.......
........#P....♣..♣............


You could see 5 yaks, 2 iguanas and an adder (wandering).

Vanquished Creatures
  An orc warlord (Bailey)
  An orc knight (Bailey)
  Pikel (D:5)
  A cyclops (D:10)
  A polar bear (D:9)
  A two-headed ogre (D:9)
  A hippogriff (D:7)
  Sigmund (D:3)
  A wyvern (D:8)
  A basilisk (D:10)
  3 yaks
  Eustachio (D:6)
  A water moccasin (D:8)
  3 porcupines (D:10)
  13 orc warriors
  3 black bears
  2 sky beasts (D:10)
  7 ice beasts
  7 ogres
  7 killer bees
  A phantom (D:9)
  3 centaurs
  A wolf (D:9)
  5 crocodiles (D:10)
  2 bullfrogs
  A wyvern skeleton (D:8)
  2 scorpions
  2 electric eels (D:9)
  A howler monkey (D:7)
  2 crimson imps
  4 hounds
  5 orc priests
  2 gnoll shamans
  11 orc wizards
  A bullfrog skeleton (D:7)
  8 iguanas
  4 worker ants
  A killer bee zombie (D:8)
  A hound zombie (D:5)
  A killer bee simulacrum (D:9)
  29 gnolls
  10 adders
  3 river rats (D:10)
  A hound simulacrum (D:9)
  4 shadow imps
  3 white imps (D:9)
  2 worker ant simulacra (D:9)
  3 worms
  3 dart slugs
  An adder simulacrum (D:9)
  4 leopard geckos
  61 orcs
  2 ball pythons
  3 giant cockroaches
  25 goblins
  20 hobgoblins
  21 jackals
  6 quokkas
  13 bats
  4 frilled lizards
  10 kobolds
  A leopard gecko zombie (D:7)
  5 rats
349 creatures vanquished.

Vanquished Creatures (collateral kills)
  A gnoll (D:5)
1 creature vanquished.

Vanquished Creatures (others)
  A slave (D:5)
  3 killer bees (D:7)
  A crimson imp (D:5)
  An iguana (D:5)
  An orc (D:9)
  6 plants (D:10)
13 creatures vanquished.

Grand Total: 363 creatures vanquished

Notes
Turn   | Place    | Note
-------+----------+-------------------------------------------
     0 | D:1      | KristoblXynda the Spriggan Artificer began the quest for the Orb.
     0 | D:1      | Reached XP level 1. HP: 9/9 MP: 4/4
   280 | D:1      | Reached XP level 2. HP: 14/14 MP: 6/6
   282 | D:1      | Reached skill level 2 in Stealth
   650 | D:1      | Reached skill level 3 in Stealth
   797 | D:1      | Reached XP level 3. HP: 11/17 MP: 7/7
  1782 | D:2      | Reached XP level 4. HP: 20/21 MP: 8/8
  2053 | D:2      | Reached skill level 4 in Stealth
  2754 | D:3      | Reached skill level 5 in Evocations
  2754 | D:3      | Reached XP level 5. HP: 21/25 MP: 9/9
  2914 | D:3      | Noticed Sigmund
  2922 | D:3      | Killed Sigmund
  2922 | D:3      | Reached skill level 5 in Stealth
  2922 | D:3      | Reached XP level 6. HP: 11/29 MP: 9/11
  3589 | D:4      | Reached skill level 6 in Stealth
  3747 | D:4      | Found Gumael's General Store.
  4213 | D:4      | Found a blossoming altar of Fedhas.
  4531 | D:5      | Entered Level 5 of the Dungeon
  4645 | D:5      | Reached XP level 7. HP: 32/32 MP: 12/12
  4652 | D:5      | Reached skill level 5 in Short Blades
  4652 | D:5      | Reached skill level 7 in Stealth
  5280 | D:5      | Noticed Pikel
  5402 | D:5      | Killed Pikel
  5402 | D:5      | Reached skill level 9 in Stealth
  5402 | D:5      | Reached XP level 8. HP: 37/37 MP: 13/15
  5561 | D:5      | Found a radiant altar of Vehumet.
  5884 | D:6      | Noticed Eustachio
  5926 | D:6      | Killed Eustachio
  6127 | D:6      | Reached skill level 1 in Fighting
  6438 | D:6      | Reached skill level 10 in Stealth
  7877 | D:7      | Found Fyump's Weapon Boutique.
  7920 | D:7      | Reached XP level 9. HP: 37/43 MP: 17/17
  8216 | D:7      | Found a staircase to the Ecumenical Temple.
  8225 | Temple   | Entered the Ecumenical Temple
  8435 | Temple   | Became a worshipper of Cheibriados the Contemplative
  8466 | D:7      | Found a sparkling altar of Nemelex Xobeh.
  9012 | D:7      | Reached skill level 11 in Stealth
  9012 | D:7      | Reached skill level 1 in Invocations
  9318 | D:7      | Reached skill level 1 in Shields
  9400 | D:7      | Found a hide-covered altar of Uskayaw.
  9401 | D:7      | Found a deep blue altar of Sif Muna.
  9405 | D:7      | Found a hazy altar of Hepliaklqana.
  9488 | D:7      | Reached skill level 1 in Armour
  9976 | D:8      | Found a bloodstained altar of Trog.
 10052 | D:8      | Reached skill level 5 in Dodging
 10502 | D:8      | Reached * piety under Cheibriados
 10813 | D:8      | Reached XP level 10. HP: 33/47 MP: 18/18
 10959 | D:9      | Found a staircase to the Orcish Mines.
 11117 | D:9      | Reached skill level 5 in Invocations
 11282 | D:9      | Gained mutation: You tend to lose your temper in combat. [potion of mutation]
 11282 | D:9      | Gained mutation: You are resistant to electric shocks. (rElec) [potion of mutation]
 11282 | D:9      | Gained mutation: You can translocate small distances at will. [potion of mutation]
 11543 | D:9      | Found a roughly hewn altar of Beogh.
 11583 | D:9      | Lost mutation: You can translocate small distances at will. [potion of cure mutation]
 11583 | D:9      | Lost mutation: You are resistant to electric shocks. (rElec) [potion of cure mutation]
 11583 | D:9      | Lost mutation: You tend to lose your temper in combat. [potion of cure mutation]
 11628 | D:9      | Learned a level 3 spell: Dazzling Spray
 12138 | Orc:1    | Entered Level 1 of the Orcish Mines
 12139 | Orc:1    | Found a flagged portal.
 12157 | Bailey   | Entered a bailey
 12697 | Bailey   | Noticed an orc knight
 12697 | Bailey   | Noticed an orc warlord
 12752 | Bailey   | Reached ** piety under Cheibriados
 12916 | Bailey   | Reached skill level 1 in Throwing
 13214 | Bailey   | Identified a +2 rod of ignition (14/14) (You took it off an orc in a bailey)
 13278 | Bailey   | Killed an orc knight
 13278 | Bailey   | Reached skill level 5 in Shields
 13408 | Bailey   | Killed an orc warlord
 13408 | Bailey   | Reached XP level 11. HP: 51/51 MP: 19/19
 13512 | Bailey   | Gained mutation: Your flesh is heat resistant. (rF+) [potion of beneficial mutation]
 13513 | Bailey   | Gained mutation: You are resistant to hostile enchantments. (MR+) [potion of beneficial mutation]
 13849 | D:10     | Entered Level 10 of the Dungeon
 14021 | D:10     | Reached skill level 1 in Spellcasting
 14107 | D:10     | Reached *** piety under Cheibriados
 14374 | D:10     | Found a staircase to the Lair.
 14485 | D:10     | Slain by a yak

Vault maps used:
D:1:      saegor_arrival_simple_b, grunt_decor_cap
D:2:      hangedman_decor_points
D:3:      uniq_sigmund
D:4:      lemuel_round_altar, serial_shops, shop,
          hangedman_abyss_or_decor_jellyfish_corner
D:5:      vehumet_statue, first_bread, kennysheep_generic_room_8, uniq_pikel
D:6:      uniq_eustachio
D:7:      overflow_temple_1_default, minitemple, serial_shops, shop
D:8:      nrook_mini_vaults, trog_butcher_becter
D:9:      minmay_orc_entry_temple_small, serial_ice, serial_ice_b, serial_ice_m,
          serial_ice_l, serial_ice_e, serial_ice_c, serial_ice_f, serial_ice_d,
          serial_ice_n
D:10:     minmay_lair_entry_grove
Temple:   regret_index_temple_generic_petals
Orc:1:    lightli_bailey_entry_fortress, nicolae_orc_lava_room
Bailey:   bailey_axe_minmay_hex_keep, bailey

Skill      XL: |  1  2  3  4  5  6  7  8  9 10 11 |
---------------+----------------------------------+-----
Stealth        | 3 4 5 6 9 10 11 | 11.0
Short Blades   | 2 3 4 6 |  6.8
Evocations     | 5 6 8 9 |  9.7
Fighting       | 2 3 |  3.5
Invocations    | 4 7 |  7.4
Shields        | 3 5 |  5.8
Armour         | 1 |  1.3
Dodging        | 5 8 |  8.8
Throwing       | 3 |  3.3
Spellcasting   | 2 |  2.9

Action                   |  1- 3 |  4- 6 |  7- 9 | 10-12 || total
-------------------------+-------+-------+-------+-------++-------
Melee: Short sword       |   155 |   183 |   829 |       ||  1167
       Dagger            |       |       |    34 |   731 ||   765
Throw: Throwing net      |       |       |       |     1 ||     1
Invok: Temporal Distorti |       |       |       |     1 ||     1
Evoke: Wand              |     9 |    26 |    45 |     8 ||    88
  Use: Scroll            |       |     9 |    13 |     6 ||    28
       Potion            |       |     2 |    12 |     7 ||    21
 Stab: Sleeping          |     9 |    14 |    18 |    13 ||    54
       Distracted        |       |     1 |     1 |     3 ||     5
       Confused          |       |       |       |     7 ||     7
  Eat: Fruit             |       |     1 |       |     2 ||     3
       Pizza             |       |       |     2 |       ||     2
       Royal jelly       |       |       |     1 |     1 ||     2
       Bread ration      |       |       |     1 |       ||     1
Armor: Robe              |    24 |    10 |    30 |       ||    64
       Skin              |       |       |    36 |       ||    36
       Steam dragon armo |       |       |    43 |    34 ||    77
Dodge: Dodged            |   141 |   146 |   779 |   468 ||  1534
Block: Buckler           |       |       |   133 |   290 ||   423
